 Dungeon Crawl Stone Soup version 0.31-a0-18-gea43df2a32 (webtiles) character file.

Game seed: 14852660307231408534

2313 scionoferis the Slasher (level 9, -3/65 HPs)
             Began as a Djinni Warper on May 12, 2023.
             Slain by a troll (11 damage)
             ... on level 7 of the Dungeon.
             The game lasted 00:36:19 (10466 turns).

scionoferis the Slasher (Djinni Warper)            Turns: 10466, Time: 00:36:21

Health: -3/65      AC:  9    Str: 10    XL:     9   Next: 68%
Gold:   459        EV: 10    Int: 20    God:
                   SH:  0    Dex: 12

rFire   + + .        d - +0 dagger
rCold   x . .        (no shield)
rNeg    + . .        L - +3 ring mail
rPois   ∞            t - +0 helmet
rElec   .            (no cloak)
rCorr   .            (no gloves)
SInv    .            (boots unavailable)
Will    .....        B - amulet of the acrobat
Stlth   ++           F - ring of positive energy
HPRegen 0.30/turn    (no ring)
MPRegen 0.00/turn

%: acrobat, infuse magic (-4 HP)
@: flying
A: sickness immunity, fire resistance 2, cold vulnerability 1, float, innate
caster, HP casting, extra vitality 1
a: no special abilities


You were on level 7 of the Dungeon.
You visited 1 branch of the dungeon, and saw 7 of its levels.
You also visited: Ossuary.

You collected 459 gold pieces.


Innate Abilities, Weirdness & Mutations

You are immune to sickness and miasma.
You are immune to poison.
Your flesh is very heat resistant. (rF++)
You are vulnerable to cold. (rC-)
You float through the air rather than walking.
You learn spells naturally, not from books.
Your magical power is your life essence.
You have superior vitality. (+4 MHP)


   Skills:
 + Level 5.4 Fighting
 + Level 6.6 Long Blades
 - Level 0.7 Throwing
 - Level 1.0 Armour
 - Level 2.1 Dodging
 - Level 4.0 Stealth
 * Level 6.1 Spellcasting


You knew the following spells:

 Your Spells              Type           Power      Damage    Failure   Level
a - Blink                 Tloc           60%        N/A       3%          2
b - Lesser Beckoning      Tloc           60%        N/A       3%          2
c - Vhi's Electric Charg  Tloc/Air       60%        N/A       6%          3
d - Teleport Other        Tloc           30%        N/A       6%          3
e - Manifold Assault      Tloc           30%        N/A       21%         4
f - Beastly Appendage     Tmut           60%        N/A       1%          1
g - Poisonous Vapours     Pois/Air       60%        N/A       3%          2
h - Ensorcelled Hibernat  Hex/Ice        60%        N/A       3%          2
i - Volatile Blastmotes   Fire/Tloc      60%        2d15      6%          3
Your spell library was empty.

Inventory:

Hand Weapons
 a - a +0 falchion
 d - a +0 dagger (weapon)
   (You took it off an orc on level 5 of the Dungeon)
Missiles
 f - 7 poisoned darts (quivered)
 z - 6 throwing nets
 I - 3 boomerangs
 M - 8 boomerangs of dispersal
Armour
 e - a +0 buckler
   (You took it off a gnoll sergeant on level 5 of the Dungeon)
 t - a +0 helmet (worn)
   (You took it off Robin on level 1 of the Dungeon)
 L - a +3 ring mail (worn)
   (You took it off a gnoll on level 5 of the Dungeon)
Magical Staves
 c - a staff of air
   (You found it on level 5 of the Dungeon)
 x - a staff of earth
   (You found it on level 3 of the Dungeon)
Jewellery
 B - an amulet of the acrobat (around neck)
   (You found it on level 4 of the Dungeon)
 F - a ring of positive energy (left hand)
   (You found it on level 5 of the Dungeon)
Wands
 g - a wand of quicksilver (2)
   (You found it on level 4 of the Dungeon)
 J - a wand of paralysis (6)
   (You found it on level 6 of the Dungeon)
 N - a wand of polymorph (12)
   (You found it on level 7 of the Dungeon)
Scrolls
 b - a scroll of poison
 i - 5 scrolls of noise
 j - 4 scrolls of fog
 l - a scroll of acquirement
 m - a scroll of immolation {unknown}
 r - a scroll of enchant weapon
 u - 3 scrolls of teleportation
 v - a scroll of torment {unknown}
 y - 2 scrolls of enchant armour
 A - 2 scrolls of fear {unknown}
 C - 3 scrolls of vulnerability
Potions
 h - a potion of mutation {unknown}
 k - 5 potions of attraction
 n - 2 potions of heal wounds {unknown}
 o - 3 potions of curing
 p - a potion of berserk rage {unknown}
 q - 3 potions of cancellation {unknown}
 s - 2 potions of lignification {unknown}
 w - 3 potions of might {unknown}
 D - 2 potions of haste {unknown}
 E - 2 potions of ambrosia {unknown}
 G - 3 potions of resistance {unknown}
 H - 2 potions of degeneration {unknown}
 K - a potion of magic {unknown}

Dungeon Overview and Level Annotations

Branches:
Dungeon (7/15)            Ossuary (visited)
 Temple: D:4-7

Altars:
Dithmenos
Yredelemnul

Annotations:
D:4 exclusion: water moccasin
D:5 exclusion: 2 doors, Grum

...##...>.#####.......#
########.## #.......#
#.##############
#...##....#.
###†#..#.##.#
#.[.###.##. ###..#.[#.T
#####.##. #@.#. #T##.##
##.##)# #..)..# #######


You could see a troll.


Message History

Aim: a gnoll sergeant, wielding a +0 trident, wearing a +1 ring mail of fire resistance and wearing a +0 buckler (wandering, hasn't noticed you, 67% to hit)
You throw a poisoned dart.
The poisoned dart closely misses the gnoll sergeant.
The gnoll sergeant shouts!
You hear a shout! x2
You see here a +0 scale mail.
Throw: 3 darts (poison)
Press: ? - help, Q - select action, (/) - cycle Shift-Dir - straight line, f/p - gnoll sergeant
Aim: a gnoll sergeant, wielding a +0 trident, wearing a +1 ring mail of fire resistance and wearing a +0 buckler (67% to hit)
You throw a poisoned dart.
The gnoll sergeant blocks the poisoned dart.
Throw: 2 darts (poison)
Press: ? - help, Q - select action, (/) - cycle Shift-Dir - straight line, f/p - gnoll sergeant
Aim: a gnoll sergeant, wielding a +0 trident, wearing a +1 ring mail of fire resistance and wearing a +0 buckler (67% to hit)
You throw a poisoned dart.
The poisoned dart hits the gnoll sergeant.
The gnoll sergeant is poisoned.
Throw: dart (poison)
Press: ? - help, Q - select action, (/) - cycle Shift-Dir - straight line, f/p - gnoll sergeant
Aim: a gnoll sergeant, wielding a +0 trident, wearing a +1 ring mail of fire resistance and wearing a +0 buckler (poisoned, 67% to hit)
You throw a poisoned dart.
The poisoned dart hits the gnoll sergeant.
The gnoll sergeant looks even sicker.
Casting: Beastly Appendage (safe; 1% risk of failure)
Confirm with . or Enter, or press ? or * to list all spells.
Aiming: Poisonous Vapours (safe; 2% risk of failure)
Press: ? - help, Dir - move target, f/p - gnoll sergeant
Aim: a gnoll sergeant, wielding a +0 trident, wearing a +1 ring mail of fire resistance and wearing a +0 buckler (lightly wounded, very poisoned) Poisonous vapours surround the gnoll sergeant!
The gnoll sergeant looks even sicker.
Unknown command.
You barely miss the gnoll sergeant.
The gnoll sergeant is lightly wounded.
The gnoll sergeant hits you with a +0 trident.
You hit the gnoll sergeant.
The gnoll sergeant is moderately wounded.
The gnoll sergeant hits you with a +0 trident!
The gnoll hits you with a +0 falchion.
Casting: Poisonous Vapours (safe; 2% risk of failure)
Confirm with . or Enter, or press ? or * to list all spells.
You blink.
You feel stable enough to blink again.
There is a stone staircase leading up here.
The gnoll misses you.
You fly upwards.
Level annotation: exclusion: 2 doors, Grum
There is a stone staircase leading down here.
You hit the gnoll.
The gnoll is lightly wounded.
The gnoll closely misses you.
You hit the gnoll.
The gnoll is moderately wounded.
The gnoll hits you with a +0 whip.
You completely miss the gnoll.
The gnoll is moderately wounded.
The gnoll closely misses you.
You hit the gnoll.
The gnoll is heavily wounded.
The gnoll hits you but does no damage.
You hit the gnoll.
The gnoll is heavily wounded.
The gnoll hits you with a +0 whip.
You barely miss the gnoll.
The gnoll is heavily wounded.
The gnoll hits you with a +0 whip.
You hit the gnoll.
The gnoll is severely wounded.
The gnoll misses you.
You barely miss the gnoll. Your punch misses the gnoll.
The gnoll is severely wounded.
The gnoll hits you with a +0 whip.
You hit the gnoll.
The gnoll is severely wounded.
The gnoll hits you with a +0 whip!
You are too injured to fight recklessly!
You are too injured to fight recklessly!
You closely miss the gnoll.
The gnoll is severely wounded.
The gnoll misses you.
You hit the gnoll.
The gnoll is almost dead.
The gnoll hits you with a +0 whip.
You hit the gnoll.
The gnoll is almost dead.
The gnoll barely misses you.
You completely miss the gnoll.
The gnoll is almost dead.
The gnoll hits you with a +0 whip.
* * * LOW HITPOINT WARNING * * *
You hit the gnoll.
You kill the gnoll!
You see here a +0 whip.
There is a stone staircase leading down here.
You start resting.
HP restored.
You fly downwards.
Found a sapphire potion.
There is a stone staircase leading up here.
An electric eel comes into view.
There is a stone staircase leading up here.
The electric eel shoots out a bolt of lightning at you!
The bolt of electricity misses you.
An electric eel comes into view.
c - a staff of air (weapon)
The electric eel shoots out a bolt of lightning at you!
The bolt of electricity misses you.
Unknown command.
Casting: Blink (safe; 2% risk of failure)
Confirm with . or Enter, or press ? or * to list all spells.
Aiming: Poisonous Vapours (safe; 2% risk of failure)
Press: ? - help, Dir - move target, f - electric eel
Aim: an electric eel (water)
You feel a surge of power!
Poisonous vapours surround the electric eel!
The electric eel is poisoned.
The electric eel shoots out a bolt of lightning at you!
The bolt of electricity hits you. You resist.
Casting: Poisonous Vapours (safe; 2% risk of failure)
Confirm with . or Enter, or press ? or * to list all spells.
Aiming: Poisonous Vapours (safe; 2% risk of failure)
Press: ? - help, Dir - move target, f/p - electric eel
Aim: an electric eel (water, very poisoned)
You feel a surge of power!
You miscast Poisonous Vapours.
You are very lightly contaminated with residual magic.
Nothing appears to happen.
Unknown command.
Casting: Poisonous Vapours (safe; 2% risk of failure)
Confirm with . or Enter, or press ? or * to list all spells.
Aiming: Poisonous Vapours (safe; 2% risk of failure)
Press: ? - help, Dir - move target, f/p - electric eel
Aim: an electric eel (water, moderately wounded, very poisoned)
You feel a surge of power!
Poisonous vapours surround the electric eel!
The electric eel looks as sick as possible!
Unknown command.
You start resting.
Your magical contamination has completely faded away.
You start resting.
You feel a bit more experienced.
Your Long Blades skill increases to level 6!
You start resting.
HP restored.
Casting: Poisonous Vapours (safe; 2% risk of failure)
Confirm with . or Enter, or press ? or * to list all spells.
Aiming: Poisonous Vapours (safe; 2% risk of failure)
Press: ? - help, Dir - move target, f - electric eel
Aim: an electric eel (water)
You feel a surge of power!
Poisonous vapours surround the electric eel!
The electric eel is poisoned.
The electric eel shoots out a bolt of lightning at you!
The bolt of electricity hits you. You resist.
Casting: Poisonous Vapours (safe; 2% risk of failure)
Confirm with . or Enter, or press ? or * to list all spells.
Aiming: Poisonous Vapours (safe; 2% risk of failure)
Press: ? - help, Dir - move target, f/p - electric eel
Aim: an electric eel (water, very poisoned)
You feel a surge of power!
Poisonous vapours surround the electric eel!
The electric eel looks as sick as possible!
Unknown command.
The electric eel shoots out a bolt of lightning at you!
The bolt of electricity hits you. You resist.
Casting: Poisonous Vapours (safe; 2% risk of failure)
Confirm with . or Enter, or press ? or * to list all spells.
Aiming: Poisonous Vapours (safe; 2% risk of failure)
Press: ? - help, Dir - move target, f/p - electric eel
Aim: an electric eel (water, heavily wounded, extremely poisoned)
You feel a surge of power!
Poisonous vapours surround the electric eel!
The electric eel looks as sick as possible!
Unknown command.
You start resting.
You feel a bit more experienced.
You start resting.
HP restored.
a - a +0 falchion (weapon)
There is a stone staircase leading up here.
H - 2 sapphire potions (gained 1)
f - a poisoned dart
f - 2 poisoned darts (gained 1)
f - 3 poisoned darts (gained 1)
Found 4 javelins.
An orc wizard comes into view. It is wielding a +0 dagger.
You see here a poisoned dart.
f - 4 poisoned darts (gained 1)
The orc wizard shouts!
The orc wizard casts a spell at you.
You easily resist.
You start waiting.
An orc wizard is nearby!
An orc comes into view. It is wielding a +0 short sword.
You hit the orc wizard but do no damage.
The orc wizard hits you with a +0 dagger.
You closely miss the orc wizard.
The orc wizard hits you but does no damage.
You hit the orc wizard.
The orc wizard is lightly wounded.
The orc wizard completely misses you.
You hit the orc wizard.
The orc wizard is moderately wounded.
The orc wizard hits you with a +0 dagger.
The orc shouts!
You hit the orc wizard but do no damage.
The orc wizard is moderately wounded.
The orc wizard hits you with a +0 dagger.
You barely miss the orc wizard.
The orc wizard is moderately wounded.
The orc wizard hits you with a +0 dagger.
You hit the orc wizard but do no damage.
The orc wizard is moderately wounded.
The orc wizard gestures wildly while chanting.
The orc wizard flickers and vanishes!
Deactivating autopickup; reactivate with Ctrl-A.
You miss something.
You hear some strange, mumbled words.
A magic dart appears from out of thin air!
The magic dart hits you!
You closely miss something. Something hits you.
The orc hits you with a +0 short sword.
You slash the orc!
You kill the orc!
Something hits you.
An orc comes into view. It is wielding a +0 trident.
You hit something. Something hits you but does no damage.
The orc barely misses you.
You barely miss something. Your punch misses something.
Something completely misses you.
The orc hits you from afar with a +0 trident.
You closely miss something.
You hear some strange, mumbled words.
You are confused.
The orc hits you from afar with a +0 trident!
You bump into the rock wall.
Something hits you. The orc closely misses you.
It was a potion of attraction.
You feel attractive to monsters. Something hits you.
The orc hits you but does no damage. The orc is attracted toward you.
It was a potion of curing.
You feel better. Something hits you. The orc hits you with a +0 trident.
You slash the orc!
You kill the orc!
Something hits you.
You closely miss something. Something hits you.
You miss something. Something hits you.
You miss something. Something hits you.
You hit something but do no damage. Something hits you but does no damage.
You miss something. Something hits you.
You closely miss something. Something completely misses you.
You closely miss something. Something hits you but does no damage.
You hit something. Something hits you.
You barely miss something. Something hits you but does no damage.
You barely miss something.
You hear some strange, mumbled words.
A magic dart appears from out of thin air!
The magic dart hits you.
You miss something. Your punch misses something.
Something hits you but does no damage.
You miss something. Something hits you but does no damage.
You completely miss something.
You hear some strange, mumbled words.
You are confused.
Found a scroll of identify.
You hear some strange, mumbled words.
You are more confused.
Something is attracted toward you.
Unknown command.
You feel better.
You hear some strange, mumbled words.
A magic dart appears from out of thin air!
The magic dart hits you!
You miss something. Something hits you.
You hit something.
You hear some strange, mumbled words.
A puff of flame appears from out of thin air!
The puff of flame hits you. You resist.
You hit something.
Reactivating autopickup.
You feel a bit more experienced.
Training target 4.0 for Stealth reached!
Your Stealth skill increases to level 4!
You feel less attractive to monsters.
Things that are here:
a +0 dagger; a +0 robe
Things that are here:
a +0 short sword; an orc corpse The gnoll shouts!
There is a stone staircase leading up here.
You fly upwards.
Level annotation: exclusion: 2 doors, Grum
There is a stone staircase leading down here.
You start resting.
HP restored.
You fly downwards.
There is a stone staircase leading up here.
The gnoll hits you but does no damage.
You fly upwards.
Level annotation: exclusion: 2 doors, Grum
There is a stone staircase leading down here.
You barely miss the gnoll. The gnoll hits you with a +0 falchion.
You hit the gnoll but do no damage. The gnoll hits you with a +0 falchion.
You barely miss the gnoll. The gnoll hits you with a +0 falchion.
You barely miss the gnoll. The gnoll hits you with a +0 falchion!
You hit the gnoll but do no damage. The gnoll hits you with a +0 falchion!
You closely miss the gnoll. The gnoll barely misses you.
You slash the gnoll!
The gnoll is heavily wounded.
The gnoll hits you with a +0 falchion.
Casting: Poisonous Vapours (safe; 2% risk of failure)
Confirm with . or Enter, or press ? or * to list all spells.
Aiming: Ensorcelled Hibernation (safe; 2% risk of failure)
Press: ? - help, Shift-Dir - straight line, f - gnoll
Aim: a gnoll, wielding a +0 falchion and wearing a +3 ring mail (heavily wounded, chance to affect: 67%)
The gnoll struggles to resist.
The gnoll barely misses you.
Unknown command.
Casting: Ensorcelled Hibernation (safe; 2% risk of failure)
Confirm with . or Enter, or press ? or * to list all spells.
Aiming: Ensorcelled Hibernation (safe; 2% risk of failure)
Press: ? - help, Shift-Dir - straight line, f/p - gnoll
Aim: a gnoll, wielding a +0 falchion and wearing a +3 ring mail (heavily wounded, chance to affect: 67%)
The gnoll struggles to resist.
The gnoll misses you.
Unknown command.
You are too injured to fight recklessly!
You are too injured to fight recklessly!
You are too injured to fight recklessly!
You are too injured to fight recklessly!
You hit the gnoll but do no damage.
The gnoll is heavily wounded.
The gnoll closely misses you.
You barely miss the gnoll.
The gnoll is heavily wounded.
The gnoll hits you but does no damage.
You closely miss the gnoll.
The gnoll is heavily wounded.
The gnoll closely misses you.
You hit the gnoll but do no damage.
The gnoll is heavily wounded.
The gnoll closely misses you.
You hit the gnoll but do no damage.
The gnoll is heavily wounded.
The gnoll hits you but does no damage.
You hit the gnoll but do no damage.
The gnoll is heavily wounded.
The gnoll hits you with a +0 falchion.
You hit the gnoll but do no damage.
The gnoll is heavily wounded.
The gnoll hits you with a +0 falchion.
Casting: Ensorcelled Hibernation (safe; 2% risk of failure)
Confirm with . or Enter, or press ? or * to list all spells.
Aiming: Ensorcelled Hibernation (safe; 2% risk of failure)
Press: ? - help, Shift-Dir - straight line, f/p - gnoll
Aim: a gnoll, wielding a +0 falchion and wearing a +3 ring mail (heavily wounded, chance to affect: 67%)
The gnoll struggles to resist.
The gnoll hits you with a +0 falchion.
Unknown command.
You slash the gnoll!
You kill the gnoll!
K - a lumpy pink potion
Things that are here:
a +0 falchion; a +3 ring mail; a +0 whip
L - a +3 ring mail You start resting.
HP restored.
Search for what [Enter for "blade", or ? for help]? dagger
There is an open gate here.
You see here a +0 spear.
Things that are here:
a +0 dagger; a +0 club
M - a +0 dagger You start removing your armour.
You continue taking off your +0 leather armour. x4
You finish taking off your +0 leather armour.
You start putting on your armour.
You continue putting on your +3 ring mail. x5
You finish putting on your +3 ring mail.
Unknown command.
Unknown command.
You see here a +0 spear.
There is a stone staircase leading up here.
You see here a +0 war axe.
There is an open gate here.
There is a stone staircase leading down here.
Adjust to which letter? (? for menu, Esc to quit)
d - a +0 dagger;
M - 8 boomerangs of dispersal Search for what [Enter for "dagger", or ? for help]? blade Unknown command.
You fly downwards.
There is a stone staircase leading up here.
Found a flail.
The gnoll sergeant shouts!
Casting: Ensorcelled Hibernation (safe; 4% risk of failure)
Confirm with . or Enter, or press ? or * to list all spells.
Aiming: Ensorcelled Hibernation (safe; 4% risk of failure)
Press: ? - help, Shift-Dir - straight line, f - gnoll sergeant
Aim: a gnoll sergeant, wielding a +0 trident, wearing a +1 ring mail of fire resistance and wearing a +0 buckler (chance to affect: 58%)
The gnoll sergeant looks drowsy...
Unknown command.
d - a +0 dagger (weapon)
The gnoll sergeant hits you with a +0 trident.
Aiming: Paralyse
Press: ? - help, Shift-Dir - straight line, f/p - gnoll sergeant
Aim: a gnoll sergeant, wielding a +0 trident, wearing a +1 ring mail of fire resistance and wearing a +0 buckler (chance to affect: 49%)
The gnoll sergeant suddenly stops moving!
Unknown command.
The helpless gnoll sergeant fails to defend itself.
You impale the gnoll sergeant!!
The gnoll sergeant is almost dead.
The helpless gnoll sergeant fails to defend itself.
You puncture the gnoll sergeant!
You kill the gnoll sergeant!
Items here: ) [[ †.
a - a +0 falchion (weapon)
N - a +1 ring mail of fire resistance
There is a stone staircase leading up here.
You fly upwards.
Level annotation: exclusion: 2 doors, Grum
There is a stone staircase leading down here.
You drop a +0 leather armour.
You drop a +1 ring mail of fire resistance.
There is a stone staircase leading down here.
You fly downwards.
There is a stone staircase leading up here.
Found a robe.
b - a scroll of identify
As you read the scroll of identify, it crumbles to dust.
y - 2 scrolls of enchant armour
Found a stone staircase leading down.
You see here a +0 flail.
Found a stone staircase leading down.
Found an Inescapable Atlas.
A bullfrog comes into view.
The bullfrog croaks.
You hit the bullfrog.
The bullfrog is lightly wounded.
The bullfrog hits you.
The bullfrog hits you but does no damage.
You hit the bullfrog.
The bullfrog is moderately wounded.
The bullfrog barely misses you.
You completely miss the bullfrog.
The bullfrog is moderately wounded.
The bullfrog barely misses you. The bullfrog closely misses you.
You miss the bullfrog.
The bullfrog is moderately wounded.
The bullfrog hits you but does no damage.
You hit the bullfrog. Your punch misses the bullfrog.
The bullfrog is heavily wounded.
The bullfrog hits you but does no damage. x2
You hit the bullfrog.
The bullfrog is almost dead.
The bullfrog hits you but does no damage.
You slash the bullfrog!
You kill the bullfrog!
Your Fighting skill increases to level 5!
No target in view!
You see here an Inescapable Atlas.
You now have 418 gold pieces (gained 15).
C - 3 scrolls labelled SOOBLU KOUSY (gained 1)
An iguana comes into view.
The iguana moves out of view.
An iguana is nearby!
Throw: 4 darts (poison)
Press: ? - help, Q - select action, (/) - cycle Shift-Dir - straight line, f - iguana
Aim: an iguana (wandering, hasn't noticed you, 63% to hit)
You throw a poisoned dart.
The poisoned dart closely misses the iguana.
The iguana hisses angrily.
Throw: 3 darts (poison)
Press: ? - help, Q - select action, (/) - cycle Shift-Dir - straight line, f/p - iguana
Aim: an iguana (63% to hit)
You throw a poisoned dart. The poisoned dart hits the iguana.
The iguana is poisoned.
Unknown command.
Throw: 2 darts (poison)
Press: ? - help, Q - select action, (/) - cycle Shift-Dir - straight line, f/p - iguana
Aim: an iguana (lightly wounded, poisoned, 63% to hit)
You throw a poisoned dart.
The poisoned dart closely misses the iguana.
Unknown command.
You hit the iguana but do no damage.
The iguana is lightly wounded.
The iguana closely misses you.
You barely miss the iguana.
The iguana is lightly wounded.
The iguana bites you but does no damage.
You barely miss the iguana.
The iguana is moderately wounded.
The iguana looks more healthy.
The iguana bites you but does no damage.
You hit the iguana.
The iguana is heavily wounded.
The iguana closely misses you.
You closely miss the iguana.
The iguana is heavily wounded.
The iguana bites you!
You closely miss the iguana.
The iguana is heavily wounded.
The iguana bites you but does no damage.
You hit the iguana.
The iguana is heavily wounded.
The iguana barely misses you.
You barely miss the iguana.
The iguana is heavily wounded.
The iguana bites you but does no damage.
You hit the iguana.
The iguana is severely wounded.
The iguana barely misses you.
You hit the iguana but do no damage.
The iguana is severely wounded.
The iguana bites you but does no damage.
You closely miss the iguana.
The iguana is severely wounded.
The iguana completely misses you.
You hit the iguana but do no damage.
The iguana is severely wounded.
The iguana bites you but does no damage.
You hit the iguana but do no damage.
The iguana is severely wounded.
The iguana bites you.
You barely miss the iguana.
The iguana is severely wounded.
The iguana bites you but does no damage.
You hit the iguana but do no damage.
The iguana is severely wounded.
The iguana barely misses you.
You hit the iguana.
The iguana is almost dead.
The iguana barely misses you.
You hit the iguana but do no damage.
The iguana is almost dead.
The iguana misses you.
You closely miss the iguana.
The iguana is almost dead.
The iguana barely misses you.
You hit the iguana.
You kill the iguana!
No target in view!
HP restored.
f - 2 poisoned darts (gained 1)
f - 4 poisoned darts (gained 2)
An orc comes into view. It is wielding a +0 short sword.
Found 4 stones.
The orc shouts!
You hear a shout!
An ice beast comes into view.
You hit the orc.
The orc is heavily wounded.
The orc hits you but does no damage.
You hit the orc but do no damage.
The orc is heavily wounded.
The orc completely misses you.
You hit the orc.
The orc is heavily wounded.
The orc misses you.
An orc comes into view. It is wielding a +0 hand axe.
You hit the orc.
You kill the orc!
An orc comes into view. It is wielding a +0 trident.
You closely miss the orc.
The orc shouts!
The orc closely misses you.
An orc priest comes into view. It is wielding a +0 flail.
The orc attacks as you move away! The orc completely misses you.
Found a scroll of teleportation.
Found an escape hatch in the ceiling.
You hit the orc.
The orc is moderately wounded.
The orc hits you but does no damage.
You barely miss the orc.
The orc is moderately wounded.
The orc hits you but does no damage.
You hit the orc.
You kill the orc!
The orc hits you but does no damage. The orc barely misses you.
Casting: Ensorcelled Hibernation (safe; 4% risk of failure)
Confirm with . or Enter, or press ? or * to list all spells.
A cloud of volatile blastmotes flares up around you!
The ice beast completely misses you.
The orc hits you from afar with a +0 trident.
Unknown command.
The cloud of blastmotes explodes!
The concussive blast engulfs the ice beast!
The ice beast melts!
The ice beast is heavily wounded.
The concussive blast engulfs you but does no damage.
You are knocked back by the blast.
Casting: Volatile Blastmotes (dangerous; 8% risk of failure)
Confirm with . or Enter, or press ? or * to list all spells.
A cloud of volatile blastmotes flares up around you!
The cloud of blastmotes explodes!
The concussive blast engulfs the ice beast!
The ice beast melts!
The ice beast is almost dead.
The concussive blast engulfs you but does no damage.
You resist.
You are knocked back by the blast.
Casting: Volatile Blastmotes (dangerous; 8% risk of failure)
Confirm with . or Enter, or press ? or * to list all spells.
A cloud of volatile blastmotes flares up around you!
The ice beast attacks as you move away! The ice beast closely misses you.
The cloud of blastmotes explodes!
The concussive blast engulfs the ice beast!!
The ice beast melts!
You kill the ice beast!
The concussive blast engulfs you but does no damage.
You are knocked back by the blast.
The orc priest calls down the wrath of Beogh upon you.
Beogh smites you!
Casting: Volatile Blastmotes (dangerous; 8% risk of failure)
Confirm with . or Enter, or press ? or * to list all spells.
A cloud of volatile blastmotes flares up around you!
The cloud of blastmotes explodes!
The concussive blast engulfs the orc!!
You kill the orc!
Casting: Volatile Blastmotes (dangerous; 8% risk of failure)
Confirm with . or Enter, or press ? or * to list all spells.
A cloud of volatile blastmotes flares up around you!
The orc priest invokes the aid of Beogh against you.
Beogh smites you!
The cloud of blastmotes explodes!
The concussive blast engulfs the orc priest!!
You kill the orc priest!
There is a stone staircase leading up here.
You fly upwards.
Level annotation: exclusion: 2 doors, Grum
There is a stone staircase leading down here.
You start resting.
HP restored.
You fly downwards.
There is a stone staircase leading up here.
Found a shadowy altar of Dithmenos.
There is a shadowy altar of Dithmenos here.
u - 3 scrolls of teleportation (gained 1)
There is an escape hatch in the ceiling here.
Found a +0 whip and 4 stones.
Found a quarterstaff.
You see here a +0 whip.
You see here a +0 whip.
You see here 4 javelins.
As you open the door, it creaks loudly!
Found 11 gold pieces.
There is an open door here.
You hit the fungus.
The fungus begins to die.
The fungus is lightly damaged.
You slash the fungus!
The fungus is lightly damaged.
You slash the fungus!
The fungus is lightly damaged.
You slash the fungus!
The fungus is lightly damaged.
A nearby fungus withers and dies.
You now have 429 gold pieces (gained 11).
There is an open door here.
You reach down and open the door.
You reach down and open the door.
You reach down and open the door.
Partly explored, can't reach some items.
Partly explored, can't reach some items.
There is an open door here.
You hit the fungus.
The fungus begins to die.
The fungus is lightly damaged.
You hit the fungus.
The fungus is lightly damaged.
You hit the fungus.
The fungus is lightly damaged.
You completely miss the fungus.
The fungus is lightly damaged.
You hit the fungus.
The fungus is lightly damaged.
A nearby fungus withers and dies.
k - 4 potions of attraction (gained 1)
There is an open door here.
There is an open door here.
You hit the fungus.
The fungus begins to die.
The fungus is lightly damaged.
You hit the fungus.
The fungus is lightly damaged.
You hit the fungus but do no damage.
The fungus is lightly damaged.
You hit the fungus.
The fungus is lightly damaged.
You hit the fungus but do no damage.
The fungus is lightly damaged.
A nearby fungus withers and dies.
k - 5 potions of attraction (gained 1)
There is an open door here.
There is an open door here.
You hit the fungus.
The fungus begins to die.
The fungus is lightly damaged.
You completely miss the fungus.
The fungus is lightly damaged.
You slash the fungus!
The fungus is lightly damaged.
You hit the fungus.
The fungus is lightly damaged.
You hit the fungus.
The fungus is lightly damaged.
A nearby fungus withers and dies.
b - a scroll of poison Done exploring.
There is an open door here.
There is a stone staircase leading down here.
Unknown command.
You fly downwards.
Found a leather armour, 15 gold pieces and a blackened bone wand.
There is a stone staircase leading up here.
Found an escape hatch in the floor.
Found a potion of curing.
You now have 444 gold pieces (gained 15).
Found a scroll of identify.
N - a wand of polymorph (12)
o - 3 potions of curing (gained 1)
O - a scroll of identify
As you read the scroll of identify, it crumbles to dust.
C - 3 scrolls of vulnerability You now have 459 gold pieces (gained 15).
Found a robe.
You see here a +0 robe.
An orc wizard comes into view. It is wielding a +0 dagger.
The orc wizard barely misses you.
You completely miss the orc wizard. The orc wizard barely misses you.
You miss the orc wizard.
The orc wizard hits you but does no damage.
You barely miss the orc wizard.
You hit the orc wizard but do no damage.
The orc wizard barely misses you.
You hit the orc wizard.
The orc wizard is moderately wounded.
The orc wizard hits you but does no damage.
You hit the orc wizard but do no damage.
The orc wizard is moderately wounded.
The orc wizard hits you with a +0 dagger.
You barely miss the orc wizard.
The orc wizard is moderately wounded.
The orc wizard hits you but does no damage.
Casting: Volatile Blastmotes (dangerous; 8% risk of failure)
Confirm with . or Enter, or press ? or * to list all spells.
Aiming: Ensorcelled Hibernation (safe; 3% risk of failure)
Press: ? - help, Shift-Dir - straight line, f - orc wizard
Aim: an orc wizard, wielding a +0 dagger and wearing a +0 robe (moderately wounded, chance to affect: 59%)
Okay, then.
Unknown command.
d - a +0 dagger (weapon)
The orc wizard closely misses you.
Casting: Ensorcelled Hibernation (safe; 3% risk of failure)
Confirm with . or Enter, or press ? or * to list all spells.
Aiming: Ensorcelled Hibernation (safe; 3% risk of failure)
Press: ? - help, Shift-Dir - straight line, f - orc wizard
Aim: an orc wizard, wielding a +0 dagger and wearing a +0 robe (moderately wounded, chance to affect: 59%)
The orc wizard looks drowsy...
Unknown command.
The helpless orc wizard fails to defend itself.
You impale the orc wizard!!
You kill the orc wizard!
a - a +0 falchion (weapon)
You start resting.
HP restored.
Things that are here:
a +0 dagger; a +0 robe A kobold brigand comes into view.
It is wielding a +0 short sword and quivering poisoned darts.
The helpless kobold brigand fails to defend itself.
You slash the kobold brigand!
The kobold brigand is moderately wounded.
The kobold brigand hits you but does no damage.
You barely miss the kobold brigand.
The kobold brigand is moderately wounded.
The kobold brigand hits you with a +0 short sword.
You barely miss the kobold brigand.
The kobold brigand is moderately wounded.
The kobold brigand barely misses you.
You barely miss the kobold brigand.
The kobold brigand is moderately wounded.
The kobold brigand hits you but does no damage.
You hit the kobold brigand but do no damage.
The kobold brigand is moderately wounded.
The kobold brigand hits you but does no damage.
You closely miss the kobold brigand.
The kobold brigand is moderately wounded.
The kobold brigand barely misses you.
You hit the kobold brigand.
The kobold brigand is heavily wounded.
The kobold brigand hits you but does no damage.
You hit the kobold brigand.
The kobold brigand is severely wounded.
The kobold brigand hits you with a +0 short sword.
You barely miss the kobold brigand.
The kobold brigand is severely wounded.
The kobold brigand hits you but does no damage.
You closely miss the kobold brigand.
The kobold brigand is severely wounded.
The kobold brigand hits you with a +0 short sword.
You slash the kobold brigand!
The kobold brigand is almost dead.
The kobold brigand closely misses you.
You miss the kobold brigand.
The kobold brigand is almost dead.
The kobold brigand hits you but does no damage.
You hit the kobold brigand.
You kill the kobold brigand!
You start resting.
HP restored.
f - 7 poisoned darts (gained 3)
You see here a +0 short sword.
A centaur comes into view.
The centaur shouts!
You hear a shout! x3
An orc comes into view. It is wielding a +0 dagger of venom.
The centaur wields a +0 shortbow.
The centaur shoots an arrow.
The arrow completely misses you.
The centaur unwields a +0 shortbow.
The centaur misses you. x2
You barely miss the centaur.
The centaur hits you but does no damage.
The centaur kicks you but does no damage.
You slash the centaur!
The centaur is moderately wounded.
The centaur hits you.
The centaur kicks you but does no damage.
The centaur hits you but does no damage.
The centaur barely misses you.
You hit the centaur. Your punch misses the centaur.
The centaur is heavily wounded.
The centaur hits you. The centaur kicks you.
You hit the centaur.
The centaur is heavily wounded.
The centaur hits you but does no damage.
The centaur kicks you but does no damage.
The centaur misses you.
The centaur kicks you but does no damage.
You hit the centaur but do no damage.
The centaur is heavily wounded.
The centaur closely misses you.
The centaur kicks you but does no damage.
You hit the centaur but do no damage.
The centaur is heavily wounded.
The centaur hits you but does no damage.
The centaur closely misses you. x2; The centaur barely misses you.
You barely miss the centaur.
The centaur is heavily wounded.
The centaur barely misses you.
The centaur kicks you but does no damage.
You hit the centaur but do no damage.
The centaur is heavily wounded.
The centaur closely misses you.
The centaur kicks you but does no damage.
The centaur barely misses you. The centaur misses you.
You hit the centaur.
The centaur is severely wounded.
The centaur barely misses you. The centaur closely misses you.
You hit the centaur.
The centaur is almost dead.
The centaur barely misses you.
The centaur kicks you but does no damage.
The centaur hits you.
The centaur kicks you but does no damage.
You hit the centaur.
The centaur is almost dead.
The centaur barely misses you. The centaur closely misses you.
You slash the centaur!
You kill the centaur!
Your Spellcasting skill increases to level 6!
You start resting.
HP restored. 2 sky beasts come into view.
You see here a +0 shortbow.
Casting: Ensorcelled Hibernation (safe; 3% risk of failure)
Confirm with . or Enter, or press ? or * to list all spells.
Okay, then.
Unknown command.
Casting: Ensorcelled Hibernation (safe; 3% risk of failure)
Confirm with . or Enter, or press ? or * to list all spells.
Aiming: Ensorcelled Hibernation (safe; 3% risk of failure)
Press: ? - help, Shift-Dir - straight line, f - sky beast
Aim: a sky beast (chance to affect: 60%)
Okay, then.
Unknown command.
d - a +0 dagger (weapon)
Casting: Ensorcelled Hibernation (safe; 3% risk of failure)
Confirm with . or Enter, or press ? or * to list all spells.
Aiming: Ensorcelled Hibernation (safe; 3% risk of failure)
Press: ? - help, Shift-Dir - straight line, f - sky beast
Aim: a sky beast (chance to affect: 60%)
The sky beast resists with significant effort.
The sky beast hits you. The sky beast shocks you.
Unknown command.
Casting: Ensorcelled Hibernation (safe; 3% risk of failure)
Confirm with . or Enter, or press ? or * to list all spells.
Aiming: Ensorcelled Hibernation (safe; 3% risk of failure)
Press: ? - help, Shift-Dir - straight line, f/p - sky beast
Aim: a sky beast (chance to affect: 60%)
The sky beast resists with significant effort.
A troll comes into view.
The sky beast flickers out of sight!
Deactivating autopickup; reactivate with Ctrl-A.
Something hits you but does no damage.
Casting: Ensorcelled Hibernation (safe; 3% risk of failure)
Confirm with . or Enter, or press ? or * to list all spells.
Aiming: Ensorcelled Hibernation (safe; 3% risk of failure)
Press: ? - help, Shift-Dir - straight line, f - sky beast
Aim: a sky beast (chance to affect: 60%) Nothing appears to happen.
Unknown command.
You hit something but do no damage. You barely miss something.
Something hits you but does no damage.
Casting: Ensorcelled Hibernation (safe; 3% risk of failure)
Confirm with . or Enter, or press ? or * to list all spells.
A cloud of volatile blastmotes flares up around you!
Something hits you but does no damage. Something hits you but does no damage.
The cloud of blastmotes explodes!
The concussive blast engulfs something!!
The concussive blast engulfs you. You resist.
Something hits you but does no damage.
You see here a +0 short sword.
Casting: Volatile Blastmotes (dangerous; 7% risk of failure)
Confirm with . or Enter, or press ? or * to list all spells.
A cloud of volatile blastmotes flares up around you!
A sky beast appears from thin air!
Reactivating autopickup.
The sky beast hits you but does no damage.
The cloud of blastmotes explodes!
The concussive blast engulfs the sky beast!
You kill the sky beast!
The concussive blast engulfs you. You resist.
You are knocked back by the blast.
Casting: Volatile Blastmotes (dangerous; 6% risk of failure)
Confirm with . or Enter, or press ? or * to list all spells.
You miscast Volatile Blastmotes.
You are very lightly contaminated with residual magic.
Nothing appears to happen.
Things that are here:
a +0 dagger; a +0 robe
Casting: Volatile Blastmotes (dangerous; 6% risk of failure)
Confirm with . or Enter, or press ? or * to list all spells.
A cloud of volatile blastmotes flares up around you!
Casting: Volatile Blastmotes (dangerous; 6% risk of failure)
Confirm with . or Enter, or press ? or * to list all spells.
A cloud of volatile blastmotes flares up around you!
The cloud of blastmotes explodes!
The concussive blast engulfs the sky beast!!
The sky beast is severely wounded.
The concussive blast engulfs you. You resist.
You are knocked back by the blast.
Your magical contamination has completely faded away.
You see here a +0 robe.
Casting: Volatile Blastmotes (dangerous; 6% risk of failure)
Confirm with . or Enter, or press ? or * to list all spells.
A cloud of volatile blastmotes flares up around you!
Unknown command.
The cloud of blastmotes explodes!
The concussive blast engulfs the sky beast!
You kill the sky beast!
The concussive blast engulfs you. You resist.
You are knocked back by the blast.
There is a stone staircase leading up here.
You fly upwards.
There is a stone staircase leading down here.
You start resting.
HP restored.
a - a +0 falchion (weapon)
You fly downwards.
There is a stone staircase leading up here.
You see here a sky beast corpse.
You see here a +0 robe.
Things that are here:
a +0 robe; a +0 dagger A troll is nearby!
Unknown command.
Casting: Volatile Blastmotes (dangerous; 6% risk of failure)
Confirm with . or Enter, or press ? or * to list all spells.
Aiming: Ensorcelled Hibernation (safe; 3% risk of failure)
Press: ? - help, Shift-Dir - straight line, f - troll
Aim: a troll (chance to affect: 60%)
Okay, then.
Unknown command.
d - a +0 dagger (weapon)
You swing at nothing.
Casting: Ensorcelled Hibernation (safe; 3% risk of failure)
Confirm with . or Enter, or press ? or * to list all spells.
Aiming: Ensorcelled Hibernation (safe; 3% risk of failure)
Press: ? - help, Shift-Dir - straight line, f - troll
Aim: a troll (chance to affect: 60%)
The troll looks drowsy...
Unknown command.
The helpless troll fails to defend itself.
You impale the troll!!
The troll is heavily wounded.
The troll closely misses you. The troll claws you. x2
Casting: Ensorcelled Hibernation (safe; 3% risk of failure)
Confirm with . or Enter, or press ? or * to list all spells.
A cloud of volatile blastmotes flares up around you!
The troll bites you but does no damage. The troll claws you.
The troll claws you! The troll attacks as you move away! The troll bites you.
The troll claws you but does no damage. The troll barely misses you.
The cloud of blastmotes explodes!
The concussive blast engulfs the troll.
The troll is heavily wounded.
The concussive blast engulfs you! You resist.
The troll attacks as you move away! The troll bites you but does no damage.
The troll completely misses you. x2
Casting: Volatile Blastmotes (dangerous; 6% risk of failure)
Confirm with . or Enter, or press ? or * to list all spells.
A cloud of volatile blastmotes flares up around you!
The troll bites you!
* * * LOW HITPOINT WARNING * * *
The troll claws you!
You die...

Skill      XL: |  1  2  3  4  5  6  7  8  9 |
---------------+----------------------------+-----
Long Blades    | 2 3 4 5 6 |  6.6
Stealth        | 1 2 3 4 |  4.0
Spellcasting   | 3 4 5 6 |  6.1
Fighting       | 3 4 5 |  5.4
Throwing       | |  0.7
Armour         | |  1.0
Dodging        | |  2.1

Action                     |  1- 3 |  4- 6 |  7- 9 || total
---------------------------+-------+-------+-------++-------
  Melee: Falchion          |   126 |   296 |   646 ||  1068
         Headbutt          |     3 |     1 |     1 ||     5
         Punch             |       |     1 |    10 ||    11
         Dagger            |       |       |     6 ||     6
  Throw: Dart              |       |    12 |    37 ||    49
   Cast: Beastly Appendage |     1 |     1 |     1 ||     3
         Poisonous Vapours |       |     1 |     7 ||     8
         Blink             |       |       |     2 ||     2
         Volatile Blastmot |       |       |    12 ||    12
         Ensorcelled Hiber |       |       |     9 ||     9
  Evoke: Wand              |       |     1 |    20 ||    21
    Use: Scroll            |       |     5 |     9 ||    14
         Potion            |       |       |     3 ||     3
   Stab: Sleeping          |     2 |     4 |     3 ||     9
         Paralysed         |       |       |     2 ||     2
 Armour: Leather armour    |    28 |    81 |   139 ||   248
         Ring mail         |       |       |    49 ||    49
  Dodge: Dodged            |    71 |   153 |   436 ||   660

Levels and vault maps discovered:
D:1:      psy_arrival_basics, layout_loops_corners
D:2:      layout_basic, uniq_robin
D:3:      layout_loops_cross
D:4:      layout_loops_corners, mainiacjoe_overflow_catwalk,
          chequers_serial_rivers_micro_c
D:5:      layout_cave_pools, enter_ossuary_3, serial_gnoll_camp,
          gnoll_camp_mini_loothouse, gnoll_camp_mini_house, grums_kennel,
          gnoll_camp_medium_01, gnoll_camp_mini_basic, gnoll_camp_mini_hut,
          kennysheep_windowed_goal
D:6:      layout_cave_pools, grunt_dithmenos_smoke, water_boxes_lemuel
D:7:      minmay_angry_zag, layout_rooms, xom_teletrap_fun,
          kennysheep_mini_moat, minmay_temple_entry_poolview

Notes
Turn   | Place    | Note
-------+----------+-------------------------------------------
     0 | D:1      | scionoferis the Djinni Warper began the quest for the Orb.
     0 | D:1      | scionoferis set off with the following spells memorised:
                  | Blink, Lesser Beckoning, Vhi's Electric Charge, Teleport
                  | Other, Manifold Assault.
     0 | D:1      | Reached XP level 1. HP: 18/18 MP: 0/0
   178 | D:1      | Reached skill level 2 in Long Blades
   178 | D:1      | Reached XP level 2. HP: 23/23 MP: 0/0
   416 | D:1      | Reached XP level 3. HP: 26/28 MP: 0/0
   416 | D:1      | Learned a level 1 spell: Beastly Appendage
  1155 | D:2      | Reached skill level 1 in Stealth
  1316 | D:2      | Reached XP level 4. HP: 33/34 MP: 0/0
  1463 | D:2      | Noticed Robin
  1478 | D:1      | Killed Robin
  1479 | D:1      | Reached skill level 3 in Spellcasting
  2145 | D:2      | Reached XP level 5. HP: 38/39 MP: 0/0
  2145 | D:2      | Learned a level 2 spell: Poisonous Vapours
  2884 | D:3      | Reached skill level 3 in Long Blades
  3220 | D:4      | Identified a scroll of acquirement
  3413 | D:4      | Reached XP level 6. HP: 44/45 MP: 0/0
  3439 | D:4      | Reached skill level 2 in Stealth
  3790 | D:4      | Reached skill level 3 in Fighting
  3909 | D:4      | Found a basalt altar of Yredelemnul.
  3912 | D:4      | Noticed a water moccasin
  4081 | D:4      | Noticed an ogre
  4107 | D:4      | Killed an ogre
  4542 | D:5      | Entered Level 5 of the Dungeon
  4569 | D:4      | Reached XP level 7. HP: 43/50 MP: 0/0
  4569 | D:4      | Learned a level 2 spell: Ensorcelled Hibernation
  4670 | D:5      | Reached skill level 4 in Long Blades
  4712 | D:5      | Found a sand-covered staircase.
  4718 | Ossuary  | Entered an ossuary
  4836 | Ossuary  | Reached skill level 4 in Spellcasting
  5845 | D:5      | Reached XP level 8. HP: 27/58 MP: 0/0
  6067 | D:5      | Reached skill level 3 in Stealth
  6364 | D:5      | HP: 3/58 [gnoll sergeant/+0 spear (6)]
  6367 | D:5      | Reached skill level 4 in Fighting
  6367 | D:5      | Reached skill level 5 in Long Blades
  7443 | D:5      | Reached skill level 5 in Spellcasting
  7695 | D:5      | Noticed Grum
  7841 | D:5      | Reached XP level 9. HP: 39/63 MP: 0/0
  7841 | D:5      | Learned a level 3 spell: Volatile Blastmotes
  8902 | D:6      | Reached skill level 6 in Long Blades
  9040 | D:6      | Reached skill level 4 in Stealth
  9529 | D:6      | Reached skill level 5 in Fighting
  9820 | D:6      | Found a shadowy altar of Dithmenos.
 10265 | D:7      | Reached skill level 6 in Spellcasting
 10278 | D:7      | Noticed a troll
 10466 | D:7      | Slain by a troll

Vanquished Creatures
  An ice beast (D:6)
  2 sky beasts (D:7)
  2 ogres (D:4 D:5)
  A centaur (D:7)
  A wolf (D:5)
  A kobold brigand (D:7)
  2 scorpions (D:5)
  A bullfrog (D:6)
  4 gnoll sergeants (D:5 D:6)
  2 electric eels (D:6)
  A howler monkey (D:4)
  2 centaur zombies (Ossuary)
  An orc priest (D:6)
  2 gnoll boudas (D:5)
  12 hounds (D:4 D:5)
  A jelly (D:5)
  A human zombie (Ossuary)
  2 iguanas (D:4 D:6)
  2 orc wizards (D:6 D:7)
  2 mummies (Ossuary)
  Robin (D:1)
  18 gnolls (D:5 D:6)
  5 adders (D:2 D:4)
  An adder zombie (Ossuary)
  3 worms (D:2 D:3)
  4 dart slugs (D:1 D:2 D:3 D:5)
  17 orcs (D:3 D:5 D:6)
  4 ball pythons (D:1 D:2 D:4)
  12 endoplasms (D:1 D:2 D:3 D:4)
  4 giant cockroaches (D:1 D:3 D:4)
  16 goblins (D:1 D:2 D:3 D:4)
  8 hobgoblins (D:1 D:2 D:4)
  14 jackals (D:1 D:2 D:3 D:5)
  2 quokkas (D:1 D:4)
  10 bats (D:1 D:2 D:3)
  6 frilled lizards (D:1 D:3)
  2 goblin zombies (Ossuary)
  8 hobgoblin zombies (Ossuary)
  A jackal zombie (Ossuary)
  8 kobolds (D:1 D:2 D:3)
  12 kobold zombies (Ossuary)
  9 orc zombies (Ossuary D:5)
  4 rats (D:1 D:3)
  2 rat zombies (Ossuary)
214 creatures vanquished.

Table legend: (Time is in decaauts)
 A = Elapsed time spent in this place.
 B = Non-inter-level travel time spent in this place.
 C = Inter-level travel time spent in this place.
 D = Time resting spent in this place.
 E = Time spent auto-exploring this place.
 F = Levels seen in this place.
 G = Mean time per level.
                   A        B        C        D        E       F      G
               +--------+--------+--------+--------+--------+-----+--------+
         Total |  10570 |  10220 |    350 |   2728 |   4544 |   8 | 1321.2 |
       Dungeon |   9670 |   9320 |    350 |   2384 |   4493 |   7 | 1381.4 |
       Ossuary |    900 |    900 |      0 |    344 |     51 |   1 |  900.0 |
               +--------+--------+--------+--------+--------+-----+--------+

Top non-repeatable levels by time:
     D:5: 3294 daAuts
     D:4: 1773 daAuts
     D:2: 1226 daAuts
     D:1: 1183 daAuts
     D:6: 1116 daAuts
 Ossuary: 900 daAuts
     D:3: 864 daAuts
     D:7: 211 daAuts

Table legend:
 A = Non-vault XP
 B = Vault XP
 C = Vault XP percentage of total XP
 D = Non-vault monster count
 E = Vault monster count
 F = Vault count percentage of total count
                 A         B        C        D         E       F
            +---------+---------+-------+---------+---------+-------
      Total |    1451 |    1854 |  56.1 |     130 |      84 |  39.3
            +---------+---------+-------+---------+---------+-------
        D:1 |      47 |      15 |  24.2 |      28 |       1 |   3.4
        D:2 |      63 |      15 |  19.2 |      25 |       8 |  24.2
        D:3 |      49 |       0 |   0.0 |      22 |       0 |   0.0
        D:4 |     363 |       0 |   0.0 |      20 |       0 |   0.0
        D:5 |     360 |    1111 |  75.5 |      20 |      31 |  60.8
        D:6 |     569 |       0 |   0.0 |      15 |       0 |   0.0
        D:7 |       0 |     508 | 100.0 |       0 |       5 | 100.0
    Ossuary |       0 |     205 | 100.0 |       0 |      39 | 100.0
            +---------+---------+-------+---------+---------+-------
